 Dungeon Crawl Stone Soup version 0.21-a0-338-g36cf2fc (webtiles) character file.

71435 Kidiri the Protected (level 14, -10/193 HPs)
             Began as a Minotaur Fighter on Oct 3, 2017.
             Was an Elder of Okawaru.
             Succumbed to a swamp dragon's poison gas
             ... on level 6 of the Lair of Beasts.
             The game lasted 00:56:57 (20841 turns).

Kidiri the Protected (Minotaur Fighter)            Turns: 20841, Time: 00:56:57

Health: -10/193    AC: 49    Str: 29    XL:     14   Next: 97%
Magic:  10/18      EV: 16    Int:  8    God:    Okawaru [****..]
Gold:   1366       SH: 30    Dex: 12    Spells: 13/13 levels left

rFire    . . .     SeeInvis .   a - +6 long sword
rCold    . . .     Gourm    .   K - +1 large shield
rNeg     + . .     Faith    .   O - +8 orange crystal plate armour {Archmagi, Int+3 Clar}
rPois    .         Spirit   +   Y - +2 hat of the Bear Spirit {Spirit, +Rage rN+ MR++}
rElec    .         Reflect  +   m - +2 cloak
rCorr    .         Harm     .   I - +0 pair of gloves
MR       ++++.     Clarity  +   l - +1 pair of boots
Stlth    ..........             Z - +6 amulet of reflection
HPRegen  0.42/turn              k - +4 ring of protection
MPRegen  0.16/turn              W - +3 ring of evasion

@: berserking (expiring), lethally poisoned (-10 -> -125), heroism, quick
A: retaliatory headbutt, horns 2, talons 1, repulsion field 1, magic resistance
1, shaggy fur 1, wild magic 2
a: Heroism, Renounce Religion, Evoke Berserk Rage


You were on level 6 of the Lair of Beasts.
You worshipped Okawaru.
Okawaru was greatly pleased with you.
You were hungry.

You visited 3 branches of the dungeon, and saw 19 of its levels.
You also visited: Ice Cave.

You collected 1366 gold pieces.

Inventory:

Hand Weapons
 a - a +6 long sword (weapon)
 F - a +0 blowgun
Missiles
 b - 17 needles of confusion
 e - 7 needles of sleeping
 h - 8 javelins
 i - 29 tomahawks
 o - 4 curare-tipped needles
 s - 5 tomahawks of returning
 w - 72 poisoned needles
 y - 24 javelins of penetration (quivered)
 N - 4 tomahawks of dispersal
 Q - 4 needles of paralysis
 R - 8 javelins of returning
 U - 3 throwing nets
 X - 10 silver javelins
Armour
 l - a +1 pair of boots (worn)
 m - a +2 cloak (worn)
 I - a +0 pair of gloves (worn)
 K - a +1 large shield (worn)
 O - the +8 orange crystal plate armour (worn) {Archmagi, Int+3 Clar}
   (You acquired it in an ice cave)

   It affects your intelligence (+3).
   It protects you against confusion.
 Y - the +2 hat of the Bear Spirit (worn) {Spirit, +Rage rN+ MR++}
   (You found it in an ice cave)

   It protects you from negative energy.
   It affects your resistance to hostile enchantments.
   It lets you go berserk.
Jewellery
 k - a +4 ring of protection (left hand)
 G - an uncursed amulet of regeneration
 W - a +3 ring of evasion (right hand)
 Z - a +6 amulet of reflection (around neck)
Wands
 c - a wand of lightning (3/15)
 q - a wand of polymorph (14/24)
 B - a wand of lightning (6/15)
 M - a wand of disintegration (15/24)
 P - a wand of flame (9/48)
 S - a wand of confusion (35/48)
 T - a wand of lightning (7/15)
Scrolls
 n - 7 scrolls of recharging
 p - 6 scrolls of fear
 u - a scroll of immolation
 z - 4 scrolls of remove curse
 A - 11 scrolls of teleportation
 E - 4 scrolls of blinking
 V - 5 scrolls of fog
Potions
 d - 3 potions of might
 g - 8 potions of curing
 j - 3 potions of heal wounds
 r - a potion of flight
 t - 6 potions of lignification
 x - 2 potions of haste
 C - 2 potions of agility
 D - 2 potions of berserk rage
 H - a potion of invisibility
 L - a potion of cancellation
Comestibles
 f - 18 bread rations
 v - 6 meat rations
 J - 22 chunks of flesh


   Skills:
 * Level 13.4(18.4) Fighting
 * Level 13.1(18.1) Long Blades
 + Level 8.1(13.1) Throwing
 * Level 13.6(18.6) Armour
 + Level 8.7(13.7) Dodging
 * Level 13.4(18.4) Shields
 + Level 7.0 Invocations
 + Level 7.1 Evocations


You had 13 spell levels left.
You didn't know any spells.

Dungeon Overview and Level Annotations

Branches:
Dungeon (12/15)            Temple (1/1) D:7            Lair (6/6) D:11
  Swamp (0/4) Lair:4        Snake (0/4) Lair:2          Orc (0/2) D:11
  Slime: Lair:5-6

Altars:
Ashenzari
Cheibriados
Dithmenos
Elyvilon
Fedhas
Gozag
Hepliaklqana
Kikubaaqudgha
Makhleb
Nemelex Xobeh
Okawaru
Qazlal
Ru
Sif Muna
Trog
Uskayaw
Vehumet
Wu Jian
Xom
Yredelemnul
Zin
The Shining One


Innate Abilities, Weirdness & Mutations

You reflexively headbutt those who attack you in melee.
You have a pair of horns on your head.
You have sharp toenails.
You are surrounded by a mild repulsion field. (EV +2)
You are resistant to hostile enchantments. (MR+)
You are covered in fur. (AC +1)
Your spells are harder to cast, but more powerful.


Message History

The swamp dragon barely misses you. You block the swamp dragon's attack. x2
Unknown command.
Your unstable footing causes you to fumble your attack.
* * * LOW HITPOINT WARNING * * *
You feel very sick. You block the crocodile's attack.
Unknown command.
You slice the swamp dragon!!
You kill the swamp dragon!
Okawaru accepts your kill.
* * * LOW HITPOINT WARNING * * *
You feel very sick.
Unknown command.
You slice the crocodile!!
You kill the crocodile!
Okawaru accepts your kill.
* * * LOW HITPOINT WARNING * * *
You feel very sick.
Unknown command.
You die...

♣♣.♣♣≈≈≈♣.♣♣♣♣P≈≈≈≈≈♣
♣P.P..≈.♣♣)$$.≈≈≈..
♣...P≈≈♣♣♣[!.≈≈≈≈.♣
♣♣.♣.≈.♣♣..?.≈≈≈≈.♣
♣♣..≈≈♣♣♣)"..≈..♣♣♣
♣..≈.≈♣♣!.$.≈≈.≈.♣
♣♣....≈♣♣♣P≈≈≈...♣
♣♣....≈♣♣.≈≈≈.♣
♣♣♣..≈.♣♣@...♣
♣♣.≈≈≈≈.PP♣♣
♣.P≈≈...♣♣ ♣♣♣.≈≈.♣♣
♣♣♣♣♣♣


There were no monsters in sight!

Vanquished Creatures
  Gastronok (Lair:2)
  Kirke (Lair:4)
  Snorg (Lair:4)
  A fire dragon (Lair:6)
  Erolcha (D:9)
  Fannar (D:10)
  Harold (Lair:2)
  5 hydras
  An ice dragon (D:11)
  2 catoblepae (Lair:2)
  7 two-headed ogres
  Urug (D:10)
  3 unseen horrors
  A swamp dragon (Lair:6)
  4 ugly things
  A lindwurm (Lair:2)
  A salamander (shapeshifter) (D:12)
  2 wolf spiders (Lair:6)
  11 elephants (Lair:6)
  Maurice (D:9)
  10 black mambas
  A guardian serpent (Lair:6)
  3 torpor snails
  An eye of devastation (Lair:6)
  7 ice statues
  2 centaur skeletons
  14 spiny frogs
  2 gargoyles (D:12)
  5 rime drakes
  7 komodo dragons
  4 trolls
  A troll (shapeshifter) (D:12)
  A merfolk (D:10)
  2 polar bears
  2 hornets (Lair:6)
  9 blink frogs (Lair:6)
  10 hippogriffs
  3 dream sheep
  2 vampires (D:12)
  11 wyverns
  2 redbacks (Lair:6)
  A wraith (D:12)
  6 steam dragons
  2 humans (Lair:4)
  35 yaks
  6 basilisks
  A hog (Lair:4)
  4 vampire mosquitoes (Lair:4)
  A naga (Lair:2)
  A soldier ant (D:12)
  2 hell hounds (D:11)
  20 water moccasins
  2 acid dragons (Lair:6)
  7 porcupines
  4 orc warriors
  A swamp drake (Lair:6)
  9 sky beasts
  20 ice beasts
  2 eyes of draining
  4 phantoms
  7 ogres
  4 wolves (Lair:1)
  3 black bears
  5 centaurs
  21 crocodiles
  15 bullfrogs
  A big kobold (D:8)
  2 scorpions
  A wyvern skeleton (D:11)
  7 killer bees
  7 wights
  2 howler monkeys
  3 electric eels
  A centaur zombie (D:8)
  6 crimson imps
  3 jellies
  A quasit (D:6)
  6 orc priests
  3 bullfrog zombies
  13 hounds
  6 orc wizards
  A bullfrog skeleton (D:5)
  Jessica (D:2)
  2 iguanas
  5 hell rats (Lair:3)
  14 worker ants
  A howler monkey zombie (D:8)
  A worker ant zombie (D:8)
  11 gnolls
  13 adders
  A shadow imp (D:10)
  12 white imps (Lair:1)
  An ooze (D:3)
  2 adder skeletons
  7 worms
  A dart slug (D:1)
  9 leopard geckos
  27 orcs
  11 bats
  4 giant cockroaches
  9 hobgoblins
  9 jackals
  4 quokkas
  2 ball pythons
  5 frilled lizards
  10 goblins
  2 jackal skeletons
  11 kobolds
  A leopard gecko zombie (D:7)
  10 rats
578 creatures vanquished.

Vanquished Creatures (others)
  An unseen horror (D:12)
  A crocodile (Lair:6)
  A crimson imp (D:10)
  22 fungi
  32 plants
  7 toadstools (Lair:2)
64 creatures vanquished.

Grand Total: 642 creatures vanquished

Notes
Turn   | Place    | Note
-------+----------+-------------------------------------------
     0 | D:1      | Kidiri the Minotaur Fighter began the quest for the Orb.
     0 | D:1      | Reached XP level 1. HP: 19/19 MP: 0/0
    75 | D:1      | Reached XP level 2. HP: 27/27 MP: 1/1
   446 | D:1      | Reached XP level 3. HP: 33/33 MP: 2/2
   725 | D:2      | Noticed Jessica
   746 | D:2      | Killed Jessica
   746 | D:2      | Reached XP level 4. HP: 31/40 MP: 3/3
   919 | D:2      | Reached skill level 1 in Throwing
   919 | D:2      | Reached skill level 1 in Dodging
  1336 | D:3      | Reached XP level 5. HP: 47/47 MP: 4/4
  1371 | D:3      | Noticed a centaur
  1381 | D:3      | Killed a centaur
  1615 | D:3      | Reached XP level 6. HP: 55/55 MP: 5/5
  2110 | D:4      | Reached skill level 5 in Fighting
  2110 | D:4      | Reached skill level 5 in Armour
  2110 | D:4      | Reached skill level 5 in Shields
  2110 | D:4      | Reached skill level 1 in Evocations
  2275 | D:4      | Found an opulent altar of Gozag.
  2559 | D:4      | Reached XP level 7. HP: 61/61 MP: 6/6
  2587 | D:4      | Found a sacrificial altar of Ru.
  2588 | D:4      | Found a blossoming altar of Fedhas.
  2892 | D:4      | Noticed a steam dragon
  2901 | D:4      | Killed a steam dragon
  3159 | D:5      | Entered Level 5 of the Dungeon
  3190 | D:5      | Found a deep blue altar of Sif Muna.
  3194 | D:5      | Found an ornate altar of the Wu Jian Council.
  3201 | D:5      | Found a radiant altar of Vehumet.
  3322 | D:5      | Gained mutation: You tend to lose your temper in combat. [mutagenic meat]
  3323 | D:5      | Gained mutation: You are covered in fur. (AC +1) [mutagenic meat]
  3324 | D:5      | Gained mutation: You have a pair of large horns on your head. [mutagenic meat]
  3325 | D:5      | Lost mutation: You have a pair of large horns on your head. [mutagenic meat]
  3353 | D:5      | Reached skill level 5 in Long Blades
  3464 | D:5      | Reached XP level 8. HP: 70/70 MP: 8/8
  3681 | D:5      | Found a glowing silver altar of Zin.
  3682 | D:5      | Found an opulent altar of Gozag.
  4399 | D:6      | Gained mutation: You occasionally shout uncontrollably at your foes. [mutagenic meat]
  4400 | D:6      | Gained mutation: You are robust. (+10% HP) [mutagenic meat]
  4401 | D:6      | Gained mutation: Your mind is acute. (Int +2) [mutagenic meat]
  4648 | D:6      | Gained mutation: You have sharp toenails. [mutagenic meat]
  4649 | D:6      | Lost mutation: You tend to lose your temper in combat. [mutagenic meat]
  4650 | D:6      | Gained mutation: Your natural rate of healing is unusually fast. [mutagenic meat]
  4895 | D:6      | Noticed a hippogriff
  4903 | D:6      | Killed a hippogriff
  4903 | D:6      | Reached XP level 9. HP: 81/86 MP: 9/9
  5080 | D:7      | Gained mutation: You are surrounded by a mild repulsion field. (EV +2) [mutagenic meat]
  5081 | D:7      | Gained mutation: Your spells are a little harder to cast, but a little more powerful. [mutagenic meat]
  5082 | D:7      | Lost mutation: You have sharp toenails. [mutagenic meat]
  5083 | D:7      | Gained mutation: You are covered in thick fur. (AC +2) [mutagenic meat]
  5153 | D:7      | Found a staircase to the Ecumenical Temple.
  5159 | Temple   | Entered the Ecumenical Temple
  5212 | Temple   | Became a worshipper of Warmaster Okawaru
  5268 | D:7      | Found a glowing golden altar of the Shining One.
  5276 | D:7      | Noticed an angel
  5405 | D:7      | Gained mutation: Your flesh is cold resistant. (rC+) [mutagenic meat]
  5406 | D:7      | Gained mutation: Your spells are harder to cast, but more powerful. [mutagenic meat]
  5408 | D:7      | Gained mutation: You are somewhat resistant to further mutation. [mutagenic meat]
  5428 | D:7      | Found a basalt altar of Yredelemnul.
  5983 | D:8      | Lost mutation: Your mind is acute. (Int +2) [potion of mutation]
  5983 | D:8      | Lost mutation: You are covered in thick fur. (AC +2) [potion of mutation]
  5983 | D:8      | Lost mutation: You are robust. (+10% HP) [potion of mutation]
  5983 | D:8      | Lost mutation: Your natural rate of healing is unusually fast. [potion of mutation]
  6145 | D:8      | Reached skill level 1 in Invocations
  6680 | D:8      | Found a hide-covered altar of Uskayaw.
  6716 | D:8      | Reached * piety under Okawaru
  6858 | D:8      | Got a faintly humming buckler
  6869 | D:8      | Identified the +3 buckler of Compression {Slay+3} (You found it on level 8 of the Dungeon)
  7224 | D:9      | Noticed Maurice
  7239 | D:9      | Killed Maurice
  7282 | D:9      | You fall through a shaft for 3 floors!
  7377 | D:12     | Noticed a gargoyle
  7385 | D:12     | Reached XP level 10. HP: 84/88 MP: 8/11
  7395 | D:12     | Killed a gargoyle
  7557 | D:12     | Reached ** piety under Okawaru
  7606 | D:12     | Noticed a two-headed ogre
  7624 | D:12     | Killed a two-headed ogre
  7912 | D:12     | Noticed an orb spider
  7919 | D:12     | an orb spider changed into a soldier ant
  7984 | D:12     | Reached skill level 5 in Dodging
  8030 | D:12     | Killed an unseen horror
  8170 | D:12     | Gained mutation: Your body sometimes deteriorates upon taking damage. [mutagenic meat]
  8196 | D:12     | Noticed a two-headed ogre
  8207 | D:12     | Killed a two-headed ogre
  8207 | D:12     | Reached *** piety under Okawaru
  8215 | D:12     | Noticed a salamander
  8230 | D:12     | Killed a salamander
  8230 | D:12     | Received a gift from Okawaru
  8237 | D:12     | Noticed a white ugly thing
  8237 | D:12     | Noticed a gargoyle
  8251 | D:12     | Killed a white ugly thing
  8251 | D:12     | Reached XP level 11. HP: 88/97 MP: 11/13
  8254 | D:12     | Killed an unseen horror
  8260 | D:12     | Reached skill level 5 in Throwing
  8445 | D:12     | Killed an unseen horror
  8445 | D:12     | Reached **** piety under Okawaru
  8897 | D:11     | Found a staircase to the Lair.
  8897 | D:11     | Noticed a two-headed ogre
  8897 | D:11     | Noticed a two-headed ogre
  8903 | D:11     | Killed a two-headed ogre
  8926 | D:11     | Killed a two-headed ogre
  8926 | D:11     | Reached ***** piety under Okawaru
  8926 | D:11     | Reached skill level 10 in Armour
  8926 | D:11     | Reached skill level 10 in Shields
  9017 | D:11     | Reached skill level 10 in Fighting
  9072 | D:11     | Found a staircase to the Orcish Mines.
  9595 | D:11     | Noticed a cyan ugly thing
  9603 | D:11     | Killed an unseen horror
  9611 | D:11     | Killed a cyan ugly thing
  9670 | D:11     | Reached skill level 10 in Long Blades
  9670 | D:11     | Reached skill level 5 in Evocations
  9742 | D:11     | Noticed a two-headed ogre
  9748 | D:11     | Killed a two-headed ogre
  9748 | D:11     | Reached XP level 12. HP: 103/107 MP: 14/14
 10173 | D:10     | Entered Level 10 of the Dungeon
 10356 | D:10     | Received a gift from Okawaru
 10669 | D:10     | Noticed Urug
 10670 | D:10     | Noticed Fannar
 10705 | D:10     | Killed Urug
 10746 | D:10     | Killed Fannar
 11191 | D:9      | Noticed a two-headed ogre
 11198 | D:9      | Killed a two-headed ogre
 11198 | D:9      | Received a gift from Okawaru
 11291 | D:9      | Noticed Erolcha
 11303 | D:9      | Killed Erolcha
 11721 | D:9      | Noticed a two-headed ogre
 11734 | D:9      | Killed a two-headed ogre
 11734 | D:9      | Reached skill level 5 in Invocations
 13032 | D:11     | Noticed an ice dragon
 13056 | D:11     | Killed an ice dragon
 13056 | D:11     | Received a gift from Okawaru
 13311 | Lair:1   | Entered Level 1 of the Lair of Beasts
 13440 | Lair:1   | Reached XP level 13. HP: 116/116 MP: 13/16
 13557 | Lair:1   | Received a gift from Okawaru
 13587 | Lair:1   | Found a frozen archway.
 13623 | IceCv    | Entered an ice cave
 13688 | IceCv    | Identified a scroll of acquirement
 13689 | IceCv    | Found the +8 orange crystal plate armour {Archmagi, Int+3 Clar}
 13715 | IceCv    | Received a gift from Okawaru
 13802 | IceCv    | Found the +2 hat of the Bear Spirit {Spirit, +Rage rN+ MR++}
 14345 | Lair:2   | Found a sacrificial altar of Ru.
 14649 | Lair:2   | Noticed Harold
 14663 | Lair:2   | Killed Harold
 14700 | Lair:2   | Found a staircase to the Snake Pit.
 14711 | Lair:2   | Received a gift from Okawaru
 15081 | Lair:2   | Noticed Gastronok
 15100 | Lair:2   | Killed Gastronok
 15160 | Lair:2   | Received a gift from Okawaru
 15359 | Lair:2   | Found a runed door.
 15729 | Lair:2   | Received a gift from Okawaru
 16532 | Lair:3   | Lost mutation: Your flesh is cold resistant. (rC+) [potion of mutation]
 16532 | Lair:3   | Lost mutation: You occasionally shout uncontrollably at your foes. [potion of mutation]
 16532 | Lair:3   | Lost mutation: You are somewhat resistant to further mutation. [potion of mutation]
 16532 | Lair:3   | Gained mutation: Armour fits poorly on your strangely shaped body. [potion of mutation]
 16532 | Lair:3   | Gained mutation: You are robust. (+10% HP) [potion of mutation]
 17282 | Lair:4   | Received a gift from Okawaru
 17426 | Lair:4   | Found a staircase to the Swamp.
 17565 | Lair:4   | Noticed Snorg
 17580 | Lair:4   | Killed Snorg
 17602 | Lair:4   | Noticed Kirke
 17614 | Lair:4   | Killed Kirke
 17614 | Lair:4   | Reached XP level 14. HP: 139/139 MP: 15/17
 17935 | Lair:4   | Lost mutation: You are robust. (+10% HP) [potion of mutation]
 17935 | Lair:4   | Lost mutation: Armour fits poorly on your strangely shaped body. [potion of mutation]
 17935 | Lair:4   | Lost mutation: Your body sometimes deteriorates upon taking damage. [potion of mutation]
 17935 | Lair:4   | Gained mutation: You are resistant to hostile enchantments. (MR+) [potion of mutation]
 17935 | Lair:4   | Gained mutation: You have sharp toenails. [potion of mutation]
 18507 | Lair:5   | Received a gift from Okawaru
 19314 | Lair:6   | Entered Level 6 of the Lair of Beasts
 19378 | Lair:6   | Received a gift from Okawaru
 19495 | Lair:6   | Received a gift from Okawaru
 19734 | Lair:6   | Received a gift from Okawaru
 19788 | Lair:6   | Paralysed by a hornet for 2 turns
 19834 | Lair:6   | Received a gift from Okawaru
 20407 | Lair:6   | Received a gift from Okawaru
 20839 | Lair:6   | HP: 5/193 [poisoned by a swamp dragon (poison gas)]
 20840 | Lair:6   | HP: 1/193 [poisoned by a swamp dragon (poison gas)]
 20841 | Lair:6   | Succumbed to a swamp dragon's poison gas

Vault maps used:
D:1:      mrwooster_arrival_statue_2
D:2:      uniq_jessica
D:3:      kennysheep_generic_room_5
D:4:      gammafunk_temple_overflow_pools, first_bread, grunt_gozag_breadcrumbs
D:5:      grunt_temple_overflow_gold_and_silver,
          minmay_overflow_temple_star_quad, hangedman_decor_slide_cut
D:7:      grunt_temple_overflow_holy_war, temple_green, minmay_misc_feat_columns
D:8:      basic_altar
D:9:      uniq_maurice, uniq_erolcha
D:10:     hangedman_fish_farm, uniq_urug, uniq_fannar
D:11:     minmay_ice_pillars, minmay_lair_entry_lava, orc_0_dummy
D:12:     minmay_opposing_rooms
Temple:   nicolae_temple_god_jail
Lair:1:   portal_ice_cave_entry_imps, cheibrodos_lair_reptile_den
Lair:2:   gammafunk_lair_enchanted_lake, guppyfry_snake_entry_garden,
          basic_altar, beast_lair_carwin_1, uniq_gastronok, uniq_harold
Lair:4:   minmay_swamp_entry_swarm, infiniplex_staircase_pool, uniq_kirke,
          uniq_snorg
Lair:5:   eino_small_chamber_without_monster
Lair:6:   guppyfry_lair_end_dragon, hangedman_lair_tendril_chambers,
          minmay_slime_entry_eyes, guppyfry_lair_drakes
IceCv:    ice_cave_statue_garden_chambered

Skill      XL: |  1  2  3  4  5  6  7  8  9 10 11 12 13 14 |
---------------+-------------------------------------------+-----
Armour         | 4 5 6 7 8 9 10 11 12 13 | 13.6
Shields        | 4 5 6 7 8 9 10 11 12 13 | 13.4
Fighting       | 4 5 6 7 8 9 10 11 12 13 | 13.4
Long Blades    | 3 4 5 6 7 8 10 11 12 13 | 13.1
Throwing       | 1 2 3 4 5 6 7 8 |  8.1
Dodging        | 1 2 3 4 5 6 7 8 |  8.7
Evocations     | 1 2 3 4 5 6 7 |  7.1
Invocations    | 1 3 4 5 6 7 |  7.0

Action                   |  1- 3 |  4- 6 |  7- 9 | 10-12 | 13-15 || total
-------------------------+-------+-------+-------+-------+-------++-------
Melee: Long sword        |    58 |   170 |   329 |   798 |  1160 ||  2515
       Headbutt          |     3 |    29 |    68 |   211 |   315 ||   626
 Fire: Blowgun           |       |       |       |     5 |       ||     5
Throw: Tomahawk          |     1 |       |       |       |       ||     1
       Stone             |       |       |     3 |     2 |       ||     5
       Javelin           |       |       |       |     6 |     1 ||     7
       Throwing net      |       |       |       |     1 |       ||     1
Invok: Heroism           |       |       |     3 |    21 |    29 ||    53
       Finesse           |       |       |       |     9 |    14 ||    23
 Abil: Evoke Flight      |       |     1 |       |     2 |       ||     3
       Evoke Berserk Rag |       |       |       |       |     3 ||     3
  Use: Scroll            |       |    13 |     9 |     7 |     7 ||    36
       Potion            |       |       |     2 |       |     8 ||    10
 Stab: Petrified         |       |       |       |       |     1 ||     1
       Distracted        |       |       |       |       |     1 ||     1
  Eat: Chunk             |       |     5 |    25 |    29 |    12 ||    71
       Royal jelly       |       |       |     2 |       |     1 ||     3
       Meat ration       |       |       |     1 |       |     2 ||     3
       Fruit             |       |       |       |     8 |     2 ||    10
Armor: Scale mail        |    30 |    15 |       |       |       ||    45
       Plate armour      |       |   110 |   205 |   157 |       ||   472
       Chain mail        |       |       |       |   120 |    39 ||   159
       Crystal plate arm |       |       |       |       |   504 ||   504
Dodge: Dodged            |    22 |    35 |    64 |   172 |   306 ||   599
Block: Shield            |    25 |    87 |   102 |       |       ||   214
       Large shield      |       |       |   146 |   584 |  1232 ||  1962
       Reflection        |       |       |       |       |     1 ||     1
       Rpst.: Long sword |     7 |     9 |    13 |    40 |    46 ||   115

Table legend:
 A = Spawn XP
 B = Non-spawn XP
 C = Spawn XP percentage of total XP
 D = Spawn monster count
 E = Non-spawn monster count
 F = Spawn count percentage of total count
 G = Total turns spent on level
                    A         B        C        D         E        F      G
               +---------+---------+-------+---------+---------+-------+---------
         Total |       0 |  102050 |   0.0 |       0 |     579 |   0.0 | 20841
               +---------+---------+-------+---------+---------+-------+---------
           D:1 |       0 |      51 |   0.0 |       0 |      22 |   0.0 |   760
           D:2 |       0 |      85 |   0.0 |       0 |      22 |   0.0 |   514
           D:3 |       0 |     287 |   0.0 |       0 |      38 |   0.0 |   916
           D:4 |       0 |     525 |   0.0 |       0 |      15 |   0.0 |  1081
           D:5 |       0 |     577 |   0.0 |       0 |      10 |   0.0 |   931
           D:6 |       0 |    1384 |   0.0 |       0 |      25 |   0.0 |  1035
           D:7 |       0 |     730 |   0.0 |       0 |      14 |   0.0 |   892
           D:8 |       0 |    1081 |   0.0 |       0 |      33 |   0.0 |  1012
           D:9 |       0 |    4427 |   0.0 |       0 |      21 |   0.0 |   915
          D:10 |       0 |    6329 |   0.0 |       0 |      39 |   0.0 |  1176
          D:11 |       0 |   11771 |   0.0 |       0 |      67 |   0.0 |  2377
          D:12 |       0 |    9251 |   0.0 |       0 |      35 |   0.0 |  1626
        Lair:1 |       0 |    4516 |   0.0 |       0 |      31 |   0.0 |   746
        Lair:2 |       0 |   11849 |   0.0 |       0 |      39 |   0.0 |  1826
        Lair:3 |       0 |    4006 |   0.0 |       0 |      23 |   0.0 |   995
        Lair:4 |       0 |    8623 |   0.0 |       0 |      24 |   0.0 |  1101
        Lair:5 |       0 |    4914 |   0.0 |       0 |      18 |   0.0 |   942
        Lair:6 |       0 |   28438 |   0.0 |       0 |      92 |   0.0 |  1527
         IceCv |       0 |    3206 |   0.0 |       0 |      11 |   0.0 |   393
               +---------+---------+-------+---------+---------+-------+---------
